 Dungeon Crawl Stone Soup version 0.21-a0-286-g6fcecc0 (webtiles) character file.

269 Deemzul the Chopper (level 6, -6/57 HPs)
             Began as a Naga Fighter on Sept 27, 2017.
             Mangled by Pikel
             ... wielding a +2 whip of electrocution
              (9 damage)
             ... on level 4 of the Dungeon.
             The game lasted 00:03:13 (2309 turns).

Deemzul the Chopper (Naga Fighter)                  Turns: 2309, Time: 00:03:14

Health: -6/57      AC:  5    Str: 20    XL:     6   Next: 22%
Magic:  6/6        EV:  5    Int: 14    God:
Gold:   123        SH:  9    Dex: 10    Spells: 5/5 levels left

rFire    . . .     SeeInvis +   a - +0 war axe
rCold    . . .     Gourm    .   c - +0 shield
rNeg     . . .     Faith    .   b - +0 scale mail
rPois    +         Spirit   .   (no helmet)
rElec    .         Reflect  .   (no cloak)
rCorr    +         Harm     .   (no gloves)
MR       .....                  (no barding)
Stlth    ..........             (no amulet)
HPRegen  0.19/turn              (no ring)
MPRegen  0.10/turn              l - ring of resist corrosion

@: brilliant, flying (expiring), very slightly contaminated, invisible, very
slow
A: see invisible, deformed body, poison resistance, slowness 2, slow metabolism
1, spit poison 1, AC +2
a: Spit Poison


You were on level 4 of the Dungeon.
You were very hungry.

You visited 1 branch of the dungeon, and saw 4 of its levels.

You collected 123 gold pieces.

Inventory:

Hand Weapons
 a - a +0 war axe (weapon)
Armour
 b - a +0 scale mail (worn)
 c - a +0 shield (worn)
Jewellery
 j - an uncursed ring of fire
 l - a ring of resist corrosion (right hand)
Scrolls
 e - a scroll of teleportation {unknown}
 h - a scroll of enchant weapon {unknown}
 i - a scroll of recharging {unknown}
 n - a scroll of fear {unknown}
 p - a scroll of immolation {unknown}
Potions
 d - 2 potions of might
 k - a potion of curing
Comestibles
 f - 3 bread rations
 g - a royal jelly
 r - a meat ration


   Skills:
 + Level 3.7 Fighting
 * Level 4.4 Axes
 + Level 3.4 Armour
 + Level 3.2 Shields


You had 5 spell levels left.
You didn't know any spells.

Dungeon Overview and Level Annotations

Branches:
Dungeon (4/15)
 Temple: D:4-7

Altars:
Xom

Annotations:
D:3 Deemzul's ghost, amateur NaFi
D:4 Pikel


Innate Abilities, Weirdness & Mutations

You cannot wear boots.
Your serpentine skin is tough. (AC +2)
You have supernaturally acute eyesight. (SInv)
Armour fits poorly on your strangely shaped body.
Your system is resistant to poisons. (rPois)
You cover ground very slowly.
You have a slow metabolism.
You can spit poison.


Message History

* * * LOW HITPOINT WARNING * * *
You feel sick.
You have got your breath back.
* * * LOW HITPOINT WARNING * * *
You feel sick. You block Pikel's attack.
* * * LOW HITPOINT WARNING * * *
You feel sick. Pikel waves his whip at you.
* * * LOW HITPOINT WARNING * * *
You feel sick.
You are starting to lose your buoyancy.
You are feeling very hungry.
* * * LOW HITPOINT WARNING * * *
You feel sick. Pikel hits you but does no damage.
There is a stone staircase leading up here.
You feel better.
Pikel hits you with a whip of electrocution!
* * * LOW HITPOINT WARNING * * *
You are electrocuted!
You die...

#..#......#.#
#..##....##.#
#..##....##.#
#...##..##..#
#...##..##..####
##....####......#
####..#..####.)#...#
.....###..##..##[..#
.)..## #..##....@..#
.....# ..####...K..#
####.....####......#
# ....##..##gg...#
####....##..##..g..#
.......##...(##....#
######.##....##.p..#
# #......#p####
#...#[#


You could see Pikel, 2 slaves and 3 gnolls.

Vanquished Creatures
  A slave (D:4)
  A hound (D:4)
  2 worker ants (D:4)
  Natasha (D:3)
  A howler monkey skeleton (D:4)
  11 adders
  A worm (D:2)
  A dart slug (D:2)
  A leopard gecko (D:2)
  4 giant cockroaches (D:2)
  8 goblins
  8 hobgoblins
  4 jackals (D:3)
  A kobold (D:2)
  5 bats
  6 frilled lizards
  A jackal zombie (D:2)
  A quokka skeleton (D:4)
  3 rats
61 creatures vanquished.

Notes
Turn   | Place    | Note
-------+----------+-------------------------------------------
     0 | D:1      | Deemzul the Naga Fighter began the quest for the Orb.
     0 | D:1      | Reached XP level 1. HP: 21/21 MP: 1/1
     0 | D:1      | Noticed an ogre
     0 | D:1      | Noticed a ghoul
     3 | D:1      | Noticed a formicid
     5 | D:1      | Noticed a merfolk zombie
     7 | D:1      | Noticed an octopode
    12 | D:1      | Noticed a minotaur zombie
    16 | D:1      | Noticed a naga
    21 | D:1      | Noticed a ghoul
   199 | D:1      | Reached XP level 2. HP: 28/28 MP: 2/2
   737 | D:2      | Reached XP level 3. HP: 9/34 MP: 3/3
  1030 | D:2      | Found a shimmering altar of Xom.
  1073 | D:2      | Reached skill level 3 in Axes
  1259 | D:2      | Found a shimmering altar of Xom.
  1269 | D:2      | Reached XP level 4. HP: 40/42 MP: 4/4
  1280 | D:2      | Found a shimmering altar of Xom.
  1289 | D:2      | Found a shimmering altar of Xom.
  1447 | D:2      | Found a faded altar of an unknown god.
  1892 | D:3      | Noticed Deemzul's ghost (amateur NaFi)
  1976 | D:3      | Reached XP level 5. HP: 38/49 MP: 5/5
  2038 | D:3      | Noticed Natasha
  2049 | D:3      | Killed Natasha
  2049 | D:3      | Reached skill level 4 in Axes
  2265 | D:4      | Reached XP level 6. HP: 31/57 MP: 6/6
  2274 | D:4      | Noticed a slave
  2276 | D:4      | Noticed a slave
  2277 | D:4      | Noticed Pikel
  2284 | D:4      | Noticed a slave
  2296 | D:4      | Killed a slave
  2308 | D:4      | HP: 2/57 [poisoned by a worker ant]
  2309 | D:4      | Mangled by Pikel

Vault maps used:
D:1:      shiori_arrival_whats_in_store_for_you
D:2:      chequers_ecumenical_altar_island, xom_redecorated
D:3:      marbit_many_paths, nicolae_gozag_zags_fifth_avenue, first_bread,
          st_stairs_1, uniq_natasha
D:4:      minmay_misc_feat_x, grunt_ministairs_15, minmay_statues_item,
          uniq_pikel

Skill      XL: |  1  2  3  4  5 |
---------------+----------------+-----
Axes           | 3 4 |  4.4
Armour         | 3 |  3.4
Shields        | 3 |  3.2
Fighting       | |  3.7

Action                   |  1- 3 |  4- 6 || total
-------------------------+-------+-------++-------
Melee: War axe           |    99 |   125 ||   224
 Abil: Spit Poison       |     8 |    13 ||    21
  Use: Potion            |       |     6 ||     6
 Stab: Invisible         |       |     3 ||     3
  Eat: Chunk             |     1 |     3 ||     4
Armor: Scale mail        |    40 |    65 ||   105
Dodge: Dodged            |    39 |    27 ||    66
Block: Shield            |    52 |    81 ||   133

Table legend:
 A = Spawn XP
 B = Non-spawn XP
 C = Spawn XP percentage of total XP
 D = Spawn monster count
 E = Non-spawn monster count
 F = Spawn count percentage of total count
 G = Total turns spent on level
                    A         B        C        D         E        F      G
               +---------+---------+-------+---------+---------+-------+---------
         Total |       0 |     385 |   0.0 |       0 |      60 |   0.0 |  2309
               +---------+---------+-------+---------+---------+-------+---------
           D:1 |       0 |      18 |   0.0 |       0 |      10 |   0.0 |   640
           D:2 |       0 |     143 |   0.0 |       0 |      30 |   0.0 |  1301
           D:3 |       0 |      81 |   0.0 |       0 |      14 |   0.0 |   198
           D:4 |       0 |     143 |   0.0 |       0 |       6 |   0.0 |   170
               +---------+---------+-------+---------+---------+-------+---------
